AoeStats
← Runxi24

Black Forest

507931133Analyzed
4v4 RM · 12d ago on Sep 20, 2026· 42m 58s· 8 players
Game mode
Random Map
Map size
Large (8 player)
Population
200
Speed
Normal
Resources
Standard
Victory
Conquest
Starting age
Dark Age
Ending age
Imperial Age
RankedLock teamsTeams togetherTeam positionsShared explorationLock speedFull tech treeHidden civsTurbo modeCheats
Victory
Defeat
🇪🇸 Bohemians · Spain
1212
+17
🇨🇳 Khmer · China
1204
+17
🇨🇳 Mongols · China
1192
+18
🇹🇼 Goths · Taiwan
1149
+20
🇹🇼 Bohemians · Taiwan
1248
-19
🇹🇼 Goths · Taiwan
1241
-18
🇺🇸 Persians · United States
1224
-18
🇹🇷 Bohemians · Türkiye
1215
-17
2110316511
6:12 Loom
11:08 Feudal Age
13:05 Double-Bit Axe
15:55 Castle Age
17:08 Horse Collar
18:50 Horse Collar
23:52 Wheelbarrow
24:53 Stone Mining
24:53 Gold Mining
25:57 Hand Cart
27:29 Bow Saw
31:09 Imperial Age
28:58 Scale Barding Armor
28:44 Fletching
28:56 Padded Archer Armor
29:46 Gold Shaft Mining
29:13 Heavy Plow
29:46 Bloodlines
29:37 Husbandry
29:46 Town Watch
30:09 Light Cavalry
31:13 Bodkin Arrow
31:34 Leather Archer Armor
31:40 Chain Barding Armor
32:13 Conscription
31:44 Capped Ram
33:00 Conscription
32:58 Bracer
33:10 Forging
32:38 Hussar
33:49 Drill
34:44 Siege Ram
34:50 Elite Mangudai
35:51 Siege Ram
38:31 Iron Casting
40:36 Blast Furnace
40:01 Ballistics
40:49 Chemistry
hgsteven
0:37 Loom
13:00 Feudal Age
13:02 Man-at-Arms
17:36 Forging
17:27 Scale Mail Armor
19:31 Double-Bit Axe
20:22 Wheelbarrow
24:22 Castle Age
23:01 Horse Collar
24:36 Gold Mining
26:10 Town Watch
27:03 Bow Saw
27:49 Iron Casting
28:35 Heavy Plow
30:13 Fletching
32:44 Hand Cart
34:21 Anarchy
35:17 Chain Mail Armor
40:22 Imperial Age
37:56 Squires
39:35 Bodkin Arrow
43:18 Blast Furnace
42:43 Conscription
Runxi24
11:22 Feudal Age
15:19 Castle Age
14:57 Double-Bit Axe
14:56 Horse Collar
19:23 Fervor
19:40 Sanctity
19:08 Loom
21:42 Bow Saw
23:16 Fervor
24:20 Scale Mail Armor
25:03 Pikeman
25:10 Pikeman
26:39 Heavy Plow
27:34 Wheelbarrow
31:52 Imperial Age
29:40 Hand Cart
30:46 Chemistry
30:11 Fletching
30:55 Squires
31:26 Chain Mail Armor
32:09 Town Watch
32:06 Halberdier
33:18 Plate Mail Armor
33:09 Block Printing
34:38 Siege Engineers
35:19 Theocracy
36:05 Two-Man Saw
36:43 Conscription
36:29 Wagenburg Tactics
36:47 Conscription
37:00 Padded Archer Armor
37:41 Forging
36:59 Houfnice
43:11 Arson
潘森
1:47 Loom
13:01 Feudal Age
15:28 Town Watch
19:45 Castle Age
30:45 Horse Collar
31:33 Double-Bit Axe
32:22 Fervor
32:24 Redemption
32:37 Sanctity
32:40 Heavy Plow
37:09 Fortified Wall
37:21 Ballistics
41:34 Imperial Age
42:49 Illumination
LeGoLaS
11:39 Feudal Age
11:57 Loom
12:51 Double-Bit Axe
15:34 Castle Age
13:43 Horse Collar
15:22 Forging
17:42 Bow Saw
18:02 Scale Barding Armor
23:24 Wheelbarrow
25:41 Hand Cart
25:12 Loom
27:46 Gold Mining
28:15 Stone Mining
33:51 Imperial Age
31:45 Ballistics
31:36 Masonry
33:09 Gold Shaft Mining
33:16 Chain Barding Armor
33:31 Iron Casting
33:13 Bloodlines
33:32 Husbandry
32:53 Light Cavalry
33:44 Hussar
37:47 Chemistry
37:04 Fletching
37:14 Padded Archer Armor
37:34 Elite Skirmisher
38:14 Bodkin Arrow
39:15 Leather Archer Armor
40:01 Blast Furnace
39:38 Plate Barding Armor
40:18 Town Watch
Norman_X
13:01 Feudal Age
13:35 Man-at-Arms
18:56 Castle Age
16:49 Horse Collar
17:42 Double-Bit Axe
17:51 Stone Mining
18:20 Loom
20:14 Wheelbarrow
20:27 Stone Shaft Mining
20:41 Heavy Plow
20:55 Bow Saw
22:34 Long Swordsman
23:29 Gold Mining
26:57 Town Watch
33:11 Imperial Age
32:42 Hand Cart
32:57 Anarchy
33:23 Town Patrol
33:30 Squires
33:43 Forging
33:39 Scale Barding Armor
35:05 Chemistry
34:14 Perfusion
34:35 Conscription
37:15 Iron Casting
37:01 Chain Barding Armor
37:18 Crop Rotation
37:50 Two-Man Saw
38:53 Two-Handed Swordsman
38:54 Pikeman
40:39 Blast Furnace
39:19 Champion
39:19 Halberdier
40:24 Conscription
42:41 Elite Huskarl
popo770723
0:51 Loom
0:55 Loom
14:45 Feudal Age
24:14 Castle Age
23:01 Double-Bit Axe
23:00 Horse Collar
27:31 Chemistry
27:00 Heavy Plow
27:12 Bow Saw
36:17 Imperial Age
35:50 Pikeman
36:30 Squires
Alfred the Great
12:13 Feudal Age
10:41 Loom
12:27 Feudal Age
13:25 Double-Bit Axe
13:23 Horse Collar
14:36 Fletching
20:54 Castle Age
19:19 Padded Archer Armor
22:31 Bow Saw
26:44 Fervor
26:55 Sanctity
27:09 Crossbowman
27:58 Bodkin Arrow
30:06 Chemistry
30:24 Wheelbarrow
30:46 Leather Archer Armor
32:04 Hand Cart
36:03 Imperial Age
35:08 Scale Mail Armor
35:18 Forging
35:04 Pikeman
35:45 Squires
36:13 Halberdier
36:13 Halberdier
36:21 Houfnice
37:50 Chain Mail Armor
39:05 Iron Casting
39:35 Arson
42:54 Siege Engineers
43:00 Masonry
Connection lost

Rejoining the realm…

Still unreachable

The connection could not be restored.

Session expired

The server has moved on; the page needs a fresh start.